FIQ, neutral male scurrid Tourist ------------------- ------------------------- |.................. |.......`...............| |........*........... |................}}.....| ---------......}}}}............ ---------.....}}}}.....}}}}.....--------- |}}}.....}}}..}}}}}}.....)....}}}}.........}}}..}}....}}...}}}}.}}}}}}}}| |}}}....}}.}}}}....}}...}}}..}}..}}}}}}i}}}}..........}}....}}}}}}...}}}| |}}}}}}}......).....}}}}}.}}}.......}}}}}}}l...........}}.............}}| |}}}}}............?>.}}...............}}...}...........l}..%........}}}}| ---------..+...........[....... ---------rB.}.....Z..}}}}.......--------- |..........%......... |...}}}...<}}}.}........| -..!.....}}}}....} -....}}..}}}.......=....- `.......}}}....... .....}?}}}}.......}}}....... }}........}}}...... }}..C.}}.}.....}}}...}}}*...}}}| |}}}}}}}}..}}}.}}}} }}}}"........}}}}........}}}}}}}| |}}}}}}..}}}..!}. ..}}}}}..}}}}.}}}}}........}}}}}| ---------..... -.....}}}....}}}}}}.....--------- |... |...............}}......| |. |.............l.........| -- ------------------------- FIQ the Rambler Experience level: 1 Strength: 11 Dexterity: 10 Constitution: 14 Intelligence: 16 Wisdom: 11 Charisma: 16 Health: 0(9) Energy: 2(2) Def: 0 Gold: 202 Moves: 35 Dungeon seed: qOUN1SUai3M5o9wZ Game ID: FIQ_1498600603 Your Inventory: Coins $ - 202 gold pieces Weapons a - 48 uncursed very rusty +2 darts (in quiver) Armor e - an uncursed +0 Hawaiian shirt (being worn) Comestibles b - 6 uncursed food rations c - 2 uncursed tripe rations d - an uncursed fortune cookie f - 2 uncursed carrots g - an uncursed banana h - an uncursed chestnut Scrolls j - 2 uncursed scrolls of blank paper k - 2 blessed scrolls of blank paper Potions i - 2 uncursed diluted potions of extra healing Wands n - an uncursed very rusty wand of secret door detection (0:12) Tools l - an uncursed expensive camera (0:49) m - an uncursed credit card o - an uncursed leash Spells and supernatural/magical abilities: Name Level Category Fail Memory W - pray for help -- divine ? -- Your skills at the end: Miscellaneous Skills wands [Basic] Weapon Skills dart [Basic] Spellcasting Skills Final Attributes: You were devoutly aligned. You had infravision. You were very stealthy. You are dead. Voluntary challenges: You went without food. You did not adorn yourself with jewelry or accessories. You did not cause conflict. You were not invisible. You did not have reflection. You were not displaced. You were an atheist. You never hit with a wielded weapon. You were a pacifist. You did not use tools. You did not use plumbed fixtures. You did not drink any magical draughts. You were illiterate. You never genocided any monsters. You never polymorphed an object. You never changed form. You used no wishes. You never split a pudding. You never wrote Elbereth's name. You never violated your personal moral code. Dungeon overview: The Dungeons of Doom: levels 1 to 14 Level 1 a long staircase Level 2 a potion shop Level 3 Level 4 Level 5 Level 6 Level 7 Level 8 a sink Level 9 Level 10 Level 11 Level 12 Level 13 Level 14 <- You were here History has recorded: On T:1 you entered the Dungeons of Doom to retrieve the Amulet of Yendor! On T:4 you reached level 2 of The Dungeons of Doom. On T:6 you reached level 3 of The Dungeons of Doom. On T:8 you reached level 4 of The Dungeons of Doom. On T:10 you reached level 5 of The Dungeons of Doom. On T:13 you reached level 6 of The Dungeons of Doom. On T:15 you reached level 7 of The Dungeons of Doom. On T:17 you reached level 8 of The Dungeons of Doom. On T:19 you reached level 9 of The Dungeons of Doom. On T:22 you reached level 10 of The Dungeons of Doom. On T:25 you reached level 11 of The Dungeons of Doom. On T:28 you reached level 12 of The Dungeons of Doom. On T:30 you reached level 13 of The Dungeons of Doom. On T:32 you reached level 14 of The Dungeons of Doom. Score breakdown: Gold: 55 ( 5 points) Experience: 1 level ( 0 points) Exploration: 14 levels ( 390 points) Discoveries: 1 item ( 50 points) Variety of kills: 0 monsters ( 0 points) Major goal: (nothing yet) ( 0 points) Survival: died (score multiplied by 3) Total score: 1335 Latest messages: You start digging downward. You continue digging downward. You dig a pit in the floor. You continue digging downward. You dig a hole through the floor. You fall through... The imp claws you! You start digging downward. The imp claws you! You continue digging downward. As you dig, the hole fills with water! You fall into the water! You sink like a rock. Your darts rust! Your wand of secret door detection rusts! You try to crawl out of the water. Pheew! That was close. That command is only available in debug mode. You fall into the water! You sink like a rock. Your darts rust further! Your wand of secret door detection rusts further! You try to crawl out of the water. Pheew! That was close. That command is only available in debug mode. The vampire bat bites! You die... Final status: Aloha FIQ the Tourist, killed by a vampire bat... You died in The Dungeons of Doom on dungeon level 14 with 1335 points, and 202 pieces of gold, after 35 moves. You were level 1 with a maximum of 9 hit points when you died.